Map: Triton LE

Players

Astrea - Winner!

  • Race: Protoss Protoss
  • League: Grandmaster
  • Spawn Location: 11:00

JinairRogue (Rogue)

  • Race: Zerg Zerg
  • Spawn Location: 5:00

VOD

Have the link to the VOD?

Description

Time

  • Played on: Jan. 16, 2020, 4:34 a.m.
  • Length: 16:00
Show
View Real Time Build Order
Export as new Build Order

Astrea Protoss - Winner!

Build Orders: 1 Gate Expand, Oracle Opening, Phoenix Opening, Archon Immortal, Archon Drop 

Get SALT Encoding   

  12  0:00  Probe  
  13  0:12  Probe  
  14  0:18  Pylon  
  14  0:24  Probe (Chrono Boost)  
  15  0:29  Assimilator  
  15  0:37  Probe (Chrono Boost)  
  16  0:44  Gateway  
  16  0:46  Probe (Chrono Boost)  
  17  0:54  Probe  
  18  1:06  Probe  
  19  1:18  Probe  
  19  1:25  Nexus  
  20  1:34  Cybernetics Core  
  20  1:37  Probe  
  21  1:42  Assimilator  
  21  1:49  Probe  
  21  1:52  Pylon  
  22  2:01  Probe  
  23  2:08  Adept (Chrono Boost)  
  23  2:09  Probe  
  26  2:15  Stargate  
  26  2:17  Probe  
  26  2:21  Warp Gate  
  27  2:27  Probe  
  27  2:29  Adept (Chrono Boost)  
  30  2:37  Probe  
  30  2:39  Probe  
  32  2:49  Probe  
  32  2:50  Adept (Chrono Boost)  
  33  2:51  Probe  
  36  2:59  Phoenix  
  36  3:01  Probe  
  39  3:05  Pylon  
  39  3:09  Probe  
  40  3:13  Probe  
  41  3:21  Gateway  
  41  3:22  Probe  
  41  3:25  Probe (Chrono Boost)  
  41  3:27  Oracle  
  47  3:35  Assimilator  
  47  3:37  Probe (Chrono Boost), Assimilator  
  47  3:39  Probe (Chrono Boost)  
  48  3:45  Probe (Chrono Boost)  
  48  3:48  Probe (Chrono Boost), Robotics Facility  
  50  3:52  Probe  
  51  3:58  Probe  
  51  3:59  Twilight Council  
  52  4:06  Probe  
  53  4:10  Pylon  
  53  4:11  Probe  
  53  4:13  Gateway  
  53  4:14  Gateway  
  54  4:19  Pylon  
  54  4:28  Probe  
  54  4:29  Probe  
  56  4:31  Adept  
  56  4:32  Adept  
  56  4:34  Warp Prism (Chrono Boost)  
  62  4:41  Probe  
  63  4:47  Templar Archives  
  63  4:52  Forge  
  63  4:53  Pylon  
  63  4:59  Adept x2  
  67  5:20  Nexus  
  63  5:34  Protoss Ground Weapons Level 1 (Chrono Boost)  
  63  5:35  High Templar x4  
  69  5:36  Probe  
  69  5:37  Probe  
  69  5:41  Archon x2  
  73  5:46  Immortal (Chrono Boost)  
  77  5:50  Pylon x2  
  77  5:55  Probe  
  78  5:58  Gateway  
  78  6:00  Gateway  
  78  6:08  Probe  
  78  6:10  Zealot x3  
  78  6:11  Sentry  
  87  6:16  Observer (Chrono Boost)  
  88  6:18  Gateway  
  88  6:20  Charge (Chrono Boost)  
  88  6:22  Gateway  
  88  6:25  Pylon  
  88  6:32  Probe x2  
  90  6:37  Probe  
  91  6:42  Immortal (Chrono Boost)  
  91  6:44  Probe  
  96  6:48  High Templar x2, Zealot x2  
  96  6:52  Archon, Shield Battery  
  104  6:54  Shield Battery  
  99  7:17  High Templar x2  
  99  7:18  Zealot x4  
  99  7:20  Pylon  
  99  7:21  Pylon  
  105  7:23  Archon  
  105  7:26  Pylon  
  105  7:27  Pylon  
  103  7:30  Protoss Ground Weapons Level 2 (Chrono Boost)  
  103  7:36  Immortal (Chrono Boost)  
  103  7:40  Probe x3  
  103  7:44  Zealot x5  
  114  7:47  Zealot  
  122  7:53  Probe x3  
  125  8:09  Sentry x2, Zealot x2  
  125  8:10  Zealot x3  
  131  8:20  Probe  
  131  8:25  Immortal  
  131  8:34  Zealot x5  
  131  8:36  Assimilator  
  131  8:37  Assimilator  
  141  8:47  Robotics Bay  
  129  9:00  Pylon  
  129  9:03  Pylon  
  129  9:13  Photon Cannon  
  129  9:14  Shield Battery  
  129  9:16  Pylon, Warp Prism (Chrono Boost)  
  129  9:20  High Templar  
  133  9:24  Zealot x4  
  133  9:29  Pylon x2  
  133  9:30  Pylon  
  141  9:34  High Templar  
  139  9:41  Zealot x2  
  139  9:42  Archon  
  140  9:48  Zealot x4  
  140  9:50  Disruptor (Chrono Boost)  
  143  10:06  Zealot x7  
  125  10:22  Zealot  
  121  10:37  Robotics Facility  
  121  10:38  High Templar x3  
  121  10:40  Zealot x2  
  121  10:42  Pylon, Archon  
  131  10:53  Zealot  
  131  10:54  Disruptor (Chrono Boost)  
  133  11:05  Pylon  
  133  11:10  Nexus  
  129  11:15  Zealot x4  
  129  11:16  Zealot x3  
  129  11:21  Disruptor (Chrono Boost)  
  132  11:38  Nexus  
  122  11:46  Zealot x5  
  130  11:52  Disruptor  
  126  11:58  Zealot x2  
  131  12:08  Probe x2  
  131  12:10  Stalker  
  128  12:20  Probe  
  129  12:29  Templar Archives  
  129  12:31  Sentry  
  129  12:32  Sentry x5  
  129  12:33  Probe  
  129  12:34  Probe x2  
  123  13:08  Probe  
  123  13:09  Probe x3  
  123  13:10  Zealot x5  
  123  13:12  Assimilator  
  137  13:16  Assimilator  
  137  13:17  Gateway  
  137  13:19  Gateway, Pylon  
  138  13:20  Pylon  
  138  13:22  Observer (Chrono Boost)  
  138  13:26  Gateway  
  136  13:27  Gateway  
  136  13:30  Gateway  
  126  13:41  Zealot x5, Disruptor (Chrono Boost)  
  137  13:53  Probe  
  137  13:54  Probe x2  
  140  13:57  Pylon  
  132  14:08  Zealot x5  
  138  14:11  Cybernetics Core  
  138  14:13  Probe x2  
  138  14:14  Probe  
  141  14:22  Disruptor  
  140  14:29  Stalker x2  
  140  14:30  Stalker  
  140  14:31  High Templar x4  
  146  14:32  High Templar x3  
  146  14:33  High Templar  
  146  14:36  Archon x2  
  146  14:37  Archon  
  154  14:44  Pylon  
  152  14:46  Probe x2, Assimilator  
  152  14:47  Probe x2, Assimilator  
  156  14:59  Archon  
  156  15:00  High Templar x3  
  142  15:15  Probe  
  142  15:19  Zealot x5  
  142  15:20  Archon, Zealot x3  
  159  15:22  Archon  
  151  15:46  Nexus  
Show
View Real Time Build Order
Export as new Build Order

JinairRogue Zerg 

Build Orders: Hatch First, Swarm Host 

Get SALT Encoding   

  12  0:00  Drone  
  13  0:12  Overlord  
  13  0:16  Drone  
  14  0:30  Drone  
  14  0:31  Drone  
  16  0:47  Hatchery  
  15  0:50  Drone  
  15  0:54  Drone  
  18  0:57  Drone  
  18  1:08  Extractor  
  17  1:12  Spawning Pool  
  17  1:15  Drone  
  18  1:18  Drone  
  18  1:27  Drone  
  19  1:39  Drone  
  20  1:47  Hatchery  
  20  1:49  Drone  
  20  1:59  Queen  
  20  2:00  Drone  
  23  2:04  Drone  
  24  2:12  Queen  
  26  2:18  Overlord  
  26  2:21  Drone  
  27  2:24  Drone  
  28  2:33  Metabolic Boost  
  28  2:38  Zergling x4  
  28  2:39  Drone  
  31  2:45  Drone  
  31  2:47  Zergling x2  
  31  2:48  Queen  
  35  2:54  Zergling x2  
  36  3:02  Queen  
  36  3:03  Overlord  
  38  3:08  Zergling x2  
  38  3:09  Drone  
  38  3:10  Drone  
  41  3:17  Drone  
  42  3:21  Overlord  
  42  3:24  Spore Crawler  
  41  3:27  Drone x5  
  46  3:35  Drone x3  
  46  3:40  Spore Crawler  
  48  3:42  Drone x3  
  48  3:47  Drone x2  
  53  3:50  Overlord  
  53  3:59  Overlord  
  53  4:04  Spore Crawler  
  53  4:09  Drone x6  
  58  4:11  Overlord x2  
  58  4:20  Roach Warren  
  58  4:22  Drone  
  58  4:25  Extractor  
  58  4:26  Extractor, Queen  
  58  4:30  Extractor  
  57  4:31  Drone x6  
  57  4:35  Drone x3  
  66  4:40  Zergling x6  
  66  4:41  Drone  
  66  4:45  Lair  
  70  4:48  Drone x3  
  70  4:52  Overlord  
  73  4:57  Drone, Overlord  
  73  4:59  Overlord  
  73  5:02  Overlord  
  73  5:05  Spine Crawler  
  72  5:09  Extractor  
  72  5:11  Roach x3  
  72  5:13  Roach  
  79  5:15  Roach  
  79  5:20  Roach x2  
  84  5:21  Roach  
  84  5:23  Roach  
  84  5:25  Roach  
  84  5:26  Roach  
  91  5:32  Roach  
  91  5:35  Roach x3  
  98  5:37  Roach  
  100  5:49  Glial Reconstitution, Overlord  
  100  5:54  Drone  
  100  5:55  Drone x5  
  105  5:58  Overlord  
  105  6:03  Overlord  
  105  6:05  Overlord  
  105  6:13  Overlord  
  105  6:14  Extractor  
  105  6:17  Drone x10  
  113  6:18  Evolution Chamber  
  113  6:22  Drone x2  
  114  6:32  Drone  
  115  6:33  Drone x2  
  117  6:40  Overlord  
  117  6:42  Infestation Pit  
  116  6:51  Overlord  
  116  6:52  Zerg Missile Weapons Level 1, Overlord  
  116  6:59  Zergling x6  
  116  7:01  Hatchery  
  116  7:13  Drone  
  114  7:18  Swarm Host  
  114  7:19  Swarm Host x9  
  140  7:32  Drone x4  
  140  7:36  Nydus Network, Overlord  
  143  7:38  Zergling x6  
  143  7:39  Zergling x6  
  143  7:40  Zergling x2  
  143  7:41  Ravager x3  
  143  7:42  Ravager x2  
  155  7:50  Pneumatized Carapace  
  155  7:52  Ravager  
  155  7:53  Ravager  
  155  7:57  Roach x3  
  155  7:58  Zergling x10  
  163  8:06  Roach x2  
  163  8:07  Roach  
  163  8:08  Overlord  
  163  8:10  Overlord  
  166  8:14  Nydus Canal  
  166  8:18  Roach  
  166  8:19  Roach x6  
  176  8:23  Overlord  
  176  8:26  Overlord  
  175  8:32  Roach x3  
  177  8:40  Roach  
  177  8:41  Roach x3  
  185  8:42  Overlord  
  181  8:49  Hatchery  
  181  8:55  Swarm Host x5  
  178  9:00  Zerg Missile Weapons Level 2  
  193  9:04  Zergling x2  
  193  9:06  Nydus Canal  
  193  9:07  Overlord  
  194  9:14  Overlord  
  194  9:16  Burrow  
  194  9:24  Nydus Canal  
  194  9:27  Overlord  
  192  9:42  Roach x4  
  200  9:49  Roach  
  193  9:53  Roach x2  
  193  9:56  Roach  
  193  9:57  Roach x2  
  193  9:58  Roach x3  
  197  10:02  Nydus Canal  
  197  10:05  Drone x4  
  198  10:40  Queen  
  200  10:44  Nydus Canal  
  200  10:50  Tunneling Claws  
  197  11:02  Nydus Canal  
  191  11:07  Roach  
  191  11:08  Overlord  
  187  11:14  Ravager x2  
  189  11:22  Nydus Network  
  176  11:26  Roach x9  
  176  11:27  Overlord x2  
  176  11:29  Hatchery  
  193  11:37  Overlord  
  193  11:45  Overlord  
  193  11:57  Roach x3  
  199  12:02  Nydus Canal  
  199  12:04  Zergling x2  
  200  12:09  Hatchery, Overlord  
  187  12:17  Roach x5  
  178  12:29  Ravager x5  
  183  12:33  Roach x2  
  187  12:38  Hatchery  
  187  12:39  Overlord  
  187  12:40  Extractor  
  187  12:41  Extractor  
  187  12:43  Roach x2  
  173  12:45  Queen  
  155  12:58  Roach x4  
  154  13:04  Nydus Canal  
  154  13:05  Roach  
  156  13:06  Zergling x2  
  157  13:15  Roach x2  
  161  13:28  Lair  
  161  13:29  Queen  
  134  13:35  Roach x6  
  134  13:41  Roach  
  134  13:46  Roach x2  
  134  13:47  Roach  
  137  13:53  Roach x2  
  136  14:02  Roach x4  
  137  14:16  Roach x5  
  145  14:25  Roach  
  145  14:30  Roach x2  
  139  14:31  Roach x3  
  139  14:38  Roach x4  
  147  14:40  Drone  
  150  14:46  Drone x2  
  152  14:55  Roach x2  
  152  14:58  Roach x20  
  146  15:12  Zergling x6  
  125  15:21  Roach  
  125  15:28  Drone x2  
Tags
 
Add a new tag
Caveats
  • Supply blocks, unpowered buildings, or Contaminate may cause inaccurate times.
  • Supply counts are checked every 10 seconds.